Map: Triton LE

Players

VaeVictus

  • Race: Protoss Protoss
  • League: Diamond
  • Spawn Location: 5:00

StrongJohn - Winner!

  • Race: Terran Terran
  • League: Diamond
  • Spawn Location: 11:00

VOD

Have the link to the VOD?

Description

Time

  • Played on: Nov. 26, 2019, 11:57 a.m.
  • Length: 11:27
Show
View Real Time Build Order
Export as new Build Order

VaeVictus Protoss 

Build Orders: 1 Gate Expand, Blink Stalkers 

Get SALT Encoding   

  12  0:00  Probe  
  13  0:12  Probe  
  14  0:18  Pylon  
  14  0:25  Probe (Chrono Boost)  
  15  0:37  Probe (Chrono Boost)  
  15  0:42  Gateway  
  16  0:46  Probe (Chrono Boost)  
  16  0:47  Assimilator  
  17  0:51  Probe  
  18  1:03  Probe  
  19  1:16  Probe  
  20  1:29  Cybernetics Core  
  20  1:39  Nexus  
  20  1:43  Pylon  
  20  1:46  Assimilator, Probe  
  21  1:58  Probe  
  22  2:02  Adept (Chrono Boost)  
  22  2:06  Warp Gate  
  24  2:10  Probe  
  26  2:22  Probe  
  26  2:23  Stalker (Chrono Boost)  
  28  2:35  Probe  
  29  2:41  Twilight Council  
  28  2:54  Probe (Chrono Boost)  
  28  2:58  Probe (Chrono Boost)  
  30  3:08  Probe (Chrono Boost)  
  31  3:23  Blink (Chrono Boost)  
  31  3:25  Probe  
  31  3:26  Probe  
  33  3:27  Sentry  
  33  3:32  Pylon  
  33  3:37  Probe  
  33  3:38  Probe  
  33  3:40  Robotics Facility  
  35  3:45  Gateway  
  35  3:54  Probe x2  
  39  4:02  Assimilator  
  39  4:06  Probe x2  
  39  4:14  Pylon  
  39  4:17  Phoenix  
  39  4:18  Probe  
  39  4:20  Stalker  
  42  4:25  Nexus  
  42  4:28  Pylon  
  42  4:30  Probe x2  
  44  4:38  Observer  
  44  4:39  Stalker  
  44  4:42  Probe x2  
  48  4:54  Pylon  
  49  5:00  Observer  
  49  5:03  Forge  
  49  5:05  Forge  
  49  5:06  Stalker x2  
  53  5:10  Charge  
  53  5:13  Probe  
  54  5:25  Probe  
  55  5:29  Protoss Ground Armor Level 1 (Chrono Boost), Protoss Ground Weapons Level 1 (Chrono Boost)  
  55  5:30  Gateway  
  55  5:32  Gateway  
  55  5:33  Gateway  
  55  5:34  Gateway  
  55  5:38  Probe  
  55  5:42  Stalker x2  
  58  5:45  Observer  
  61  5:50  Probe  
  61  5:51  Probe x2  
  64  5:57  Pylon  
  64  6:03  Probe x2  
  66  6:18  Sentry x2  
  66  6:21  Immortal  
  66  6:23  Probe x3  
  73  6:35  Probe x3  
  73  6:37  Zealot x4  
  84  6:46  Gateway  
  84  6:48  Gateway  
  84  6:50  Probe  
  84  6:51  Probe x2, Templar Archives  
  87  7:03  Probe x2  
  87  7:07  Zealot x2  
  93  7:12  Pylon  
  93  7:13  Pylon, Protoss Ground Weapons Level 2 (Chrono Boost)  
  93  7:15  Pylon, Probe  
  93  7:16  Pylon x2  
  93  7:23  Protoss Ground Armor Level 2 (Chrono Boost)  
  93  7:28  Warp Prism (Chrono Boost)  
  94  7:30  Probe x3  
  98  7:38  Phoenix  
  98  7:42  Assimilator, Probe x3  
  101  7:46  Assimilator  
  101  7:49  Assimilator  
  101  7:53  High Templar  
  101  7:56  High Templar  
  101  7:58  Zealot x6  
  115  8:01  Archon  
  117  8:10  Probe x3  
  120  8:21  Robotics Bay  
  120  8:22  Probe x2  
  120  8:23  Zealot  
  120  8:24  Zealot x5  
  129  8:32  Probe  
  120  8:34  Probe x2  
  122  8:44  Probe  
  122  8:46  Probe  
  124  8:52  Probe  
  125  8:56  Probe  
  125  8:58  Probe, Zealot x3  
  125  9:01  Observer  
  133  9:06  Observer  
  133  9:07  Nexus  
  133  9:10  Pylon  
  133  9:11  Psionic Storm  
  133  9:12  Pylon  
  133  9:13  Extended Thermal Lance  
  133  9:14  Pylon  
  133  9:18  Pylon  
  133  9:20  Pylon  
  133  9:21  Pylon  
  133  9:22  Pylon  
  133  9:28  Probe x2  
  133  9:31  High Templar x2  
  137  9:33  Zealot x5  
  149  9:39  Archon  
  147  9:50  Probe x3  
  150  10:02  Probe x2  
  150  10:04  Zealot x6  
  150  10:06  Probe  
  139  10:14  Probe x2, Zealot x2  
  139  10:21  Probe x2  
  147  10:26  Probe  
  148  10:28  Zealot x3  
  148  10:29  Zealot x2  
  158  10:35  High Templar x2  
  158  10:40  Archon  
  158  10:54  Zealot  
  158  10:55  Zealot x5  
  122  11:08  Zealot x2  
  112  11:14  Gateway  
  112  11:17  Gateway  
  102  11:18  Gateway  
  102  11:19  Zealot x5  
  102  11:20  Zealot, Gateway  
  102  11:21  Gateway  
  102  11:24  Gateway  
Show
View Real Time Build Order
Export as new Build Order

StrongJohn Terran - Winner!

Build Orders: Reaper Expand 

Get SALT Encoding   

  12  0:00  SCV  
  13  0:12  SCV  
  14  0:18  Supply Depot  
  14  0:24  SCV  
  15  0:39  SCV  
  15  0:40  Barracks  
  16  0:44  Refinery  
  16  0:51  SCV  
  17  1:04  SCV  
  18  1:16  SCV  
  19  1:28  Orbital Command, Reaper  
  20  1:45  Command Center  
  20  1:54  SCV  
  21  1:57  Supply Depot  
  21  2:00  Marine  
  22  2:09  SCV  
  22  2:13  Factory  
  23  2:22  SCV  
  24  2:27  Barracks Reactor  
  24  2:32  Refinery  
  24  2:34  SCV  
  25  2:46  SCV  
  26  2:58  SCV  
  27  3:01  Orbital Command  
  26  3:06  Marine x2  
  26  3:08  Hellion  
  28  3:24  Marine, Reaper  
  30  3:29  SCV  
  30  3:31  SCV  
  32  3:35  Hellion  
  34  3:41  SCV  
  34  3:43  SCV  
  34  3:47  Marine  
  37  3:50  Starport  
  37  3:53  SCV  
  37  3:55  SCV  
  39  3:56  Marine  
  40  4:05  Marine, SCV  
  40  4:06  Factory Tech Lab  
  40  4:07  SCV  
  43  4:14  Marine  
  44  4:17  SCV  
  44  4:19  SCV  
  44  4:22  Refinery  
  46  4:42  Supply Depot  
  46  4:43  Supply Depot  
  46  4:55  Engineering Bay  
  46  5:04  Marine x2, Siege Tank, SCV x2  
  46  5:05  Viking  
  55  5:16  SCV x2  
  55  5:17  Command Center, Barracks  
  57  5:22  Marine x2  
  59  5:28  SCV x2  
  61  5:36  Terran Infantry Weapons Level 1  
  61  5:39  Missile Turret  
  61  5:40  SCV  
  62  5:53  Barracks  
  62  5:56  Supply Depot x2  
  62  6:02  Stimpack  
  62  6:09  Supply Depot  
  62  6:11  Barracks Reactor  
  62  6:18  Widow Mine x2, Medivac, SCV x2  
  70  6:30  SCV x2  
  68  6:34  Marine  
  71  6:40  Widow Mine x2, Barracks Tech Lab  
  71  6:42  SCV x2  
  73  6:48  Refinery  
  73  6:51  Marine, Orbital Command  
  74  6:54  SCV  
  74  6:55  Marine, Starport Reactor  
  74  6:56  Marine  
  74  7:01  Widow Mine x2  
  81  7:09  Marine  
  81  7:13  Marine x2  
  84  7:15  Marine  
  84  7:18  SCV  
  84  7:19  SCV  
  84  7:22  Widow Mine x2  
  91  7:23  Barracks x2  
  91  7:27  Marine  
  92  7:30  SCV  
  92  7:31  Marine, SCV  
  92  7:32  Marine  
  92  7:33  Marine  
  97  7:38  Missile Turret  
  97  7:40  Missile Turret  
  97  7:45  Marine  
  97  7:49  Widow Mine, Marine  
  101  7:59  Supply Depot x2  
  101  8:01  Supply Depot x2  
  101  8:12  Barracks Tech Lab x2  
  101  8:16  Supply Depot  
  101  8:20  Marine x2, Medivac x2  
  101  8:21  Marauder, Widow Mine x2  
  101  8:22  Combat Shield  
  111  8:31  Marine  
  111  8:32  Marine x2  
  114  8:38  Marine, Concussive Shells  
  114  8:39  Marauder  
  117  8:42  Marine, SCV  
  117  8:43  Widow Mine, SCV x2  
  117  8:44  Refinery  
  123  8:49  Marine x2  
  123  8:50  Marauder  
  123  8:52  Medivac  
  123  8:53  Medivac  
  123  8:54  SCV  
  132  8:56  Marine  
  132  8:58  Engineering Bay  
  132  9:00  Marauder x2  
  137  9:07  Marine  
  137  9:08  Marauder  
  140  9:10  Armory  
  140  9:14  Marine  
  141  9:31  Supply Depot  
  141  9:32  Supply Depot  
  141  9:34  Supply Depot, Bunker  
  141  9:53  Marauder x2, Medivac x2  
  141  9:54  Marine x2, Marauder x2, SCV  
  139  10:12  Marine x2  
  137  10:14  Marauder x2  
  137  10:16  Marauder x2  
  137  10:20  Widow Mine x2, SCV x2  
  151  10:25  Barracks x2  
  151  10:28  Command Center  
  151  10:29  Marine x2  
  151  10:30  Refinery  
  153  10:36  Marauder x2  
  153  10:37  Marauder  
  153  10:41  Widow Mine  
  161  10:43  Command Center  
Tags
 
Add a new tag
Caveats
  • Supply blocks, unpowered buildings, or Contaminate may cause inaccurate times.
  • Supply counts are checked every 10 seconds.